Map: Blackpink LE

Players

JagrsMullets - Winner!

  • Race: Protoss Protoss
  • Spawn Location: 7:00

A.I. 1 (Medium)

  • Race: Terran Terran
  • Spawn Location: 1:00

VOD

Have the link to the VOD?

Description

Time

  • Played on: Nov. 28, 2017, 2 a.m.
  • Length: 3:45
Show
View Real Time Build Order
Export as new Build Order

JagrsMullets Protoss - Winner!

Build Orders:  

Get SALT Encoding   

  12  0:02  Probe (Chrono Boost)  
  13  0:13  Probe (Chrono Boost)  
  14  0:20  Pylon  
  14  0:26  Probe  
  15  0:38  Probe  
  16  0:44  Forge  
  16  0:50  Probe  
  17  1:02  Probe  
  18  1:15  Pylon  
  18  1:18  Pylon  
  18  1:25  Probe (Chrono Boost)  
  20  1:36  Gateway  
  20  1:37  Probe (Chrono Boost)  
  20  1:39  Probe  
  21  1:43  Photon Cannon  
  21  1:51  Probe  
  22  1:54  Photon Cannon  
  22  2:00  Photon Cannon  
  22  2:03  Probe  
  23  2:09  Photon Cannon  
  23  2:20  Photon Cannon  
  23  2:27  Photon Cannon  
  23  2:37  Pylon  
  23  2:43  Photon Cannon  
  23  2:52  Pylon  
  23  3:00  Photon Cannon  
  23  3:05  Photon Cannon  
  23  3:09  Photon Cannon  
  23  3:20  Photon Cannon  
  23  3:32  Photon Cannon  
  23  3:37  Photon Cannon  
Show
View Real Time Build Order
Export as new Build Order

A.I. 1 (Medium) Terran 

Build Orders:  

Get SALT Encoding   

  12  0:00  SCV  
  13  0:13  SCV  
  14  0:19  Supply Depot  
  14  0:25  SCV  
  15  0:40  SCV  
  16  0:43  Barracks  
  16  0:50  Refinery  
  16  0:52  SCV  
  17  1:05  SCV  
  18  1:16  Supply Depot  
  18  1:31  Marine  
  18  1:32  Barracks, Orbital Command  
  19  1:43  Refinery  
  19  1:50  Barracks Tech Lab  
  19  2:08  Marine, Supply Depot  
  20  2:14  SCV  
  21  2:18  Marine  
  21  2:28  Marine, SCV  
  17  2:37  Marine  
  17  2:40  SCV  
  17  2:46  Marine  
  17  2:53  SCV  
  16  3:05  SCV, Marauder  
  18  3:08  Marine  
  19  3:17  SCV  
  19  3:26  Marine  
  19  3:29  SCV  
Tags
 
Matchup
PvT
Spawn Locations
Cross Positions
Add a new tag
Caveats
  • Supply blocks, unpowered buildings, or Contaminate may cause inaccurate times.
  • Supply counts are checked every 10 seconds.